 Dungeon Crawl Stone Soup version 0.28.0-1-gb440e238dd (webtiles) character file.

Game seed: 7020632490104102837

738 funkygono the Magician (level 8, 0/51 HPs)
             Began as a Djinni Fire Elementalist on Feb 25, 2022.
             Was an Initiate of Elyvilon.
             Slain by a killer bee (3 damage)
             ... on level 5 of the Dungeon.
             The game lasted 00:07:26 (4572 turns).

funkygono the Magician (Djinni Fire Elementalist)   Turns: 4572, Time: 00:07:26

Health: 0/51       AC:  8    Str:  7    XL:     8   Next: 4%
Gold:   132        EV: 12    Int: 19    God:    Elyvilon [......] SH:  0 Dex: 14

rFire   + + .      SeeInvis .   i - +2 dagger (protect)
rCold   x . .      Faith    .   (no shield)
rNeg    . . .      Spirit   .   a - +0 robe
rPois   ∞          Reflect  .   (no helmet)
rElec   .          Harm     .   m - +0 cloak
rCorr   .          Rampage  .   n - +0 pair of gloves
Will    .....                   (boots unavailable)
Stlth   ++........              (no amulet)
HPRegen 0.17/turn               k - +4 ring of protection
MPRegen 0.00/turn               h - +4 ring of slaying

@: flying
A: sickness immunity, fire resistance 2, cold vulnerability 1, float, innate
caster, HP casting, extra vitality 1
a: Renounce Religion


You were on level 5 of the Dungeon.
You worshipped Elyvilon.
Elyvilon was noncommittal.
You visited 1 branch of the dungeon, and saw 5 of its levels.

You collected 132 gold pieces.

Inventory:

Hand Weapons
 i - a +2 dagger of protection (weapon)
 j - a +2 dagger of venom
 l - a +2 quarterstaff of chaos
 q - a +0 short sword of venom
Missiles
 b - 123 stones
Armour
 a - a +0 robe (worn)
 f - a +0 buckler
 m - a +0 cloak (worn)
 n - a +0 pair of gloves (worn)
Jewellery
 h - a +4 ring of slaying (right hand)
 k - a +4 ring of protection (left hand)
Scrolls
 p - a scroll of immolation
 s - a scroll of identify
Potions
 c - 2 potions of heal wounds
 d - a potion of haste {unknown}
 e - 4 potions of mutation
 g - 2 potions of attraction
 o - a potion of magic {unknown}
 r - 2 potions of curing {unknown}
 t - a potion of lignification {unknown}


   Skills:
 + Level 0.3 Fighting
 + Level 2.7 Dodging
 + Level 3.5 Stealth
 + Level 6.1 Spellcasting


You couldn't memorise any spells.
You knew the following spells:

 Your Spells              Type           Power      Damage    Failure   Level
a - Foxfire               Conj/Fire      100%       2x1d9     1%          1
b - Scorch                Fire           58%        2d7       1%          2
c - Conjure Flame         Conj/Fire      29%        6-21      2%          3
d - Inner Flame           Hex/Fire       29%        N/A       2%          3
e - Flame Wave            Conj/Fire      29%        2d8       9%          4
f - Shock                 Conj/Air       100%       1d9       1%          1
g - Passwall              Tmut/Erth      24%        N/A       1%          2
h - Portal Projectile     Hex/Tloc       58%        N/A       2%          3
Your spell library was empty.

Dungeon Overview and Level Annotations

Branches:
Dungeon (5/15)
 Temple: D:4-7

Altars:
Ashenzari
Dithmenos
Elyvilon
Hepliaklqana
Nemelex Xobeh
Wu Jian

Shops:
D:2 :

Annotations:
D:3 3 runed translucent doors, Skimidon's ghost, amateur OgHu
D:5 Blork the orc


Innate Abilities, Weirdness & Mutations

You are immune to sickness and miasma.
You are immune to poison.
Your flesh is very heat resistant. (rF++)
You are vulnerable to cold. (rC-)
You float through the air rather than walking.
You learn spells naturally, not from books.
Your magical power is your life essence.
You have superior vitality. (+4 MHP)


Message History

The flame wave engulfs the killer bee!
The killer bee is heavily wounded. (Press . to intensify the flame waves.)
You hear a shout!
The foxfire hits the killer bee.
The killer bee is heavily wounded.
The killer bee stings you. The killer bee closely misses you.
The killer bee stings you.
A wave of flame ripples out!
The flame wave engulfs the killer bee!
The killer bee is severely wounded.
The flame wave engulfs the killer bee!
You kill the killer bee!
The flame wave engulfs the killer bee!
You kill the killer bee!
You hear an angry buzzing noise.
The killer bee stings you.
* * * LOW HITPOINT WARNING * * *
The killer bee barely misses you.
Blork the orc comes into view.
He is wielding a +0 short sword.
Your Spellcasting skill increases to level 6!
A wave of flame ripples out!
The flame wave engulfs the killer bee.
The killer bee is almost dead.
* * * LOW HITPOINT WARNING * * *
You finish channelling waves of flame.
The killer bee stings you.
* * * LOW HITPOINT WARNING * * *
The killer bee stings you.
* * * LOW HITPOINT WARNING * * *
Casting: Flame Wave (quite dangerous; 10% risk of failure)
Confirm with . or Enter, or press ? or * to list all spells.
Flames lash the killer bee.
You kill the killer bee!
* * * LOW HITPOINT WARNING * * *
You have reached level 8!
You feel agile. The killer bee closely misses you.
There is a stone staircase leading up here.
The killer bee stings you.
* * * LOW HITPOINT WARNING * * *
The killer bee stings you.
You die...

## .y #. #### #y
#.. #. #.#
#/#######.#######
#......y@....o...
#########.#######
.>.. ###.## .# .#
.# .#


You could see Blork the orc and a killer bee.

Vanquished Creatures
  Menkaure (D:4)
  Edmund (D:4)
  An ogre (D:4)
  2 scorpions (D:4)
  3 killer bees (D:5)
  Crazy Yiuf (D:2)
  A centaur skeleton (D:4)
  An iguana (D:4)
  A hound skeleton (D:4)
  3 adders
  An adder skeleton (D:4)
  An orc (D:4)
  6 bats
  An endoplasm (D:2)
  3 giant cockroaches (D:2)
  9 goblins
  5 hobgoblins
  2 jackals (D:3)
  5 kobolds
  2 quokkas
  5 ball pythons
  2 frilled lizards
  9 rats
66 creatures vanquished.

Vanquished Creatures (others)
  213 foxfires
213 creatures vanquished.

Grand Total: 279 creatures vanquished

Notes
Turn   | Place    | Note
-------+----------+-------------------------------------------
     0 | D:1      | funkygono the Djinni Fire Elementalist began the quest for
                  | the Orb.
     0 | D:1      | Reached XP level 1. HP: 15/15 MP: 0/0
   475 | D:1      | Reached XP level 2. HP: 16/21 MP: 0/0
  1014 | D:2      | Found a faded altar of an unknown god.
  1226 | D:2      | Reached skill level 3 in Spellcasting
  1226 | D:2      | Reached XP level 3. HP: 13/25 MP: 0/0
  1226 | D:2      | Learned a level 1 spell: Shock
  1400 | D:2      | Found Ekkuj's Book Shop.
  1640 | D:2      | Found a runed translucent door.
  1641 | D:2      | Noticed Crazy Yiuf
  1647 | D:2      | Killed Crazy Yiuf
  1648 | D:2      | Reached XP level 4. HP: 18/31 MP: 0/0
  2295 | D:2      | Identified a scroll of acquirement
  2357 | D:3      | Acquired a +4 ring of slaying
  2420 | D:3      | Found a shadowy altar of Dithmenos.
  2531 | D:3      | Noticed Skimidon's ghost (amateur OgHu)
  2543 | D:3      | Found a runed translucent gate.
  2543 | D:3      | Found a runed translucent gate.
  2547 | D:3      | Found a runed translucent gate.
  2883 | D:3      | Found a broken altar of Ashenzari.
  3138 | D:4      | Reached XP level 5. HP: 29/35 MP: 0/0
  3138 | D:4      | Learned a level 2 spell: Passwall
  3212 | D:4      | Reached skill level 4 in Spellcasting
  3285 | D:4      | Noticed Menkaure
  3290 | D:4      | Killed Menkaure
  3291 | D:4      | Reached XP level 6. HP: 9/40 MP: 0/0
  3881 | D:4      | Found a white marble altar of Elyvilon.
  3896 | D:4      | Became a worshipper of Elyvilon the Healer
  3913 | D:4      | Noticed an ogre
  3917 | D:4      | Killed an ogre
  3918 | D:4      | Reached skill level 5 in Spellcasting
  3918 | D:4      | Reached XP level 7. HP: 41/45 MP: 0/0
  3918 | D:4      | Learned a level 3 spell: Portal Projectile
  3991 | D:4      | Noticed Edmund
  4010 | D:4      | Killed Edmund
  4264 | D:4      | Found a hazy altar of Hepliaklqana.
  4265 | D:4      | Found a faded altar of an unknown god.
  4434 | D:4      | Found a sparkling altar of Nemelex Xobeh.
  4491 | D:4      | Found an ornate altar of the Wu Jian Council.
  4549 | D:5      | Entered Level 5 of the Dungeon
  4568 | D:5      | Noticed Blork the orc
  4569 | D:5      | Reached skill level 6 in Spellcasting
  4571 | D:5      | Reached XP level 8. HP: 6/51 MP: 0/0
  4572 | D:5      | Slain by a killer bee

Illustrated notes

Levels and vault maps discovered:
D:1:      minmay_arrival_up_and_down, layout_basic
D:2:      layout_rooms, nicolae_ecumenical_pavilion, serial_shops,
          nicolae_square_shop, minmay_hedge_maze, st_stairs_14,
          minmay_pentomino_u2, uniq_crazy_yiuf_cottage
D:3:      layout_basic, general_overflow_altar, mainiacjoe_overflow_paths,
          gammafunk_ghost_split
D:4:      layout_rooms, mainiacjoe_overflow_six_doors_small,
          beargit_hepliaklqana_dungeon_heroes, elyvilon_altar_3,
          nzn_wu_jian_contemplation, uniq_menkaure
D:5:      layout_basic, serial_shops, kennysheep_mini_moat, uniq_ijyb,
          uniq_blork_the_orc

Skill      XL: |  1  2  3  4  5  6  7 |
---------------+----------------------+-----
Spellcasting   | 3 4 5 6 |  6.1
Stealth        | 2 3 |  3.5
Fighting       | |  0.3
Dodging        | |  2.7

Action                   |  1- 3 |  4- 6 |  7- 9 || total
-------------------------+-------+-------+-------++-------
Melee: Dagger            |       |     1 |       ||     1
 Cast: Foxfire           |    47 |    68 |    14 ||   129
       Scorch            |     5 |    11 |     6 ||    22
       Flame Wave        |       |       |     1 ||     1
  Use: Scroll            |       |     6 |     4 ||    10
Armor: Robe              |     2 |     6 |     2 ||    10
Dodge: Dodged            |     6 |    11 |     9 ||    26
